 Dungeon Crawl Stone Soup version 0.29-a0-998-g1987434951 (webtiles) character file.

Game seed: 7932547033590817597

64393 Kinoniko the Executioner (level 14, -7/133 HPs)
             Began as a Minotaur Berserker on Aug 5, 2022.
             Was a High Priest of Trog.
             Mangled by an orc knight
             ... wielding a +0 war axe
              (11 damage)
             ... on level 2 of the Orcish Mines.
             The game lasted 00:19:15 (18588 turns).

Kinoniko the Executioner (Minotaur Berserker)      Turns: 18588, Time: 00:19:16

Health: -7/133     AC: 25    Str: 30    XL:     14   Next: 71%
Magic:  0/13       EV: 16    Int:  8    God:    Trog [*****.]
Gold:   2406       SH:  0    Dex: 11    Spells: 13/13 levels left

rFire   . . .      SeeInvis .   h - +4 executioner's axe of Demand {vorpal, Str+4}
rCold   + . .      Faith    .   (shield currently unavailable)
rNeg    . . .      Spirit   +   m - +0 chain mail
rPois   +          Reflect  .   (helmet restricted)
rElec   .          Harm     .   y - +2 cloak
rCorr   .          Rampage  .   J - +2 pair of gloves
Will    +....                   H - +5 pair of boots "Raevvaim" {rPois rC+ Int+2 Dex+2}
Stlth   ..........              d - amulet of guardian spirit
HPRegen 0.32/turn               E - +4 ring of evasion
MPRegen 0.13/turn               M - +4 ring of slaying

@: about to teleport, on berserk cooldown, slowed, very slow
A: horns 2, retaliatory headbutt
a: Renounce Religion, Berserk, Trog's Hand, Brothers in Arms


You were on level 2 of the Orcish Mines.
You worshipped Trog.
Trog was extremely pleased with you.
You visited 3 branches of the dungeon, and saw 18 of its levels.
You also visited: Volcano.

You collected 2571 gold pieces.
You spent 165 gold pieces at shops.

Inventory:

Hand Weapons
 h - the +4 executioner's axe of Demand (weapon) {vorpal, Str+4}
   (You acquired it on level 4 of the Dungeon)

   It inflicts extra damage upon your enemies.
   Str:       It affects your strength (+4).
 z - a +2 vorpal battleaxe
 L - a -2 demon whip of venom
Armour
 m - a +0 chain mail (worn)
 y - a +2 cloak (worn)
 H - the +5 pair of boots "Raevvaim" (worn) {rPois rC+ Int+2 Dex+2}
   (You found it on level 11 of the Dungeon)

   Int:       It affects your intelligence (+2).
   Dex:       It affects your dexterity (+2).
   rC:        It protects you from cold.
   rPois:     It protects you from poison.
 J - a +2 pair of gloves (worn)
Jewellery
 b - the ring of Reirph {Fly rElec rF+}
   (You found it on level 6 of the Dungeon)

   [ring of protection from fire]

   rF:        It protects you from fire.
   rElec:     It insulates you from electricity.
   Fly:       It grants you flight.
 d - an amulet of guardian spirit (around neck)
 B - a +4 ring of protection
 E - a +4 ring of evasion (left hand)
 F - a +6 ring of strength
 M - a +4 ring of slaying (right hand)
 N - a ring of ice
Wands
 r - a wand of flame (56)
 u - a wand of paralysis (21)
 v - a wand of mindburst (14)
Scrolls
 c - 3 scrolls of magic mapping
 e - 4 scrolls of fear
 i - 4 scrolls of butterflies
 k - a scroll of brand weapon
 l - 6 scrolls of teleportation
 A - 2 scrolls of blinking
 G - 2 scrolls of enchant weapon
 I - 2 scrolls of immolation
 K - 2 scrolls of poison
 P - a scroll of enchant armour
Potions
 g - 3 potions of flight {unknown}
 j - a potion of cancellation {unknown}
 n - 4 potions of curing
 o - 5 potions of brilliance
 p - 4 potions of haste
 q - 2 potions of lignification {unknown}
 s - 5 potions of heal wounds
 t - a potion of berserk rage {unknown}
 w - a potion of ambrosia {unknown}
 x - 2 potions of magic {unknown}
 C - 3 potions of mutation {unknown}
 D - 2 potions of invisibility {unknown}


   Skills:
 + Level 14.4 Fighting
 * Level 23.0 Axes
 + Level 11.2 Armour
 + Level 10.2 Dodging


You had 13 spell levels left.
You didn't know any spells.
Your spell library was empty.

Dungeon Overview and Level Annotations

Branches:
Dungeon (11/15)            Temple (0/1) D:5            Lair (5/5) D:11
  Swamp (0/4) Lair:3        Snake (0/4) Lair:3        Slime (0/5) Lair:5
    Orc (2/2) D:10        Volcano (visited)
    Elf: Orc:2

Altars:
Ashenzari
Cheibriados
Dithmenos
Elyvilon
Uskayaw
Wu Jian
Zin
Jiyva

Shops:
D:4 [   D:7 !


Innate Abilities, Weirdness & Mutations

You have a pair of horns on your head.
You reflexively headbutt those who attack you in melee.


Message History

You are too confused!
Unknown command.
Unknown command.
You are too confused!
You feel better.
The orc knight no longer looks unusually strong.
The orc knight roars a battlecry!
The orc knight goes into a battle-frenzy!
The orc high priest calls upon Beogh to heal the orc knight.
The orc knight is healed somewhat.
The orc wizard casts a spell.
The orc wizard flickers and vanishes!
The orc warrior hits you from afar with a +0 halberd!
The orc knight hits you with a +0 war axe!!
The soul eater barely misses you. You furiously retaliate!
You headbutt the soul eater.
Unknown command.
Unknown command.
Unknown command.
Okay, then.
As you read the scroll of teleportation, it crumbles to dust.
You feel strangely unstable.
The orc knight no longer looks unusually strong.
The orc high priest no longer looks unusually strong.
The orc high priest prays to Beogh.
The orc high priest mumbles some strange prayers to Beogh against you.
Beogh smites you!
The orc warrior hits you from afar with a +0 halberd.
The orc knight barely misses you.
The soul eater hits you but does no damage.
The hellwing hits you.
The hellwing hits you but does no damage.
The orc knight hits you with a +0 vorpal great sword!!!
* * * LOW HITPOINT WARNING * * *
x2 The orc priest looks encouraged for a moment.
The orc high priest calls upon Beogh to heal the orc knight.
The orc knight is healed somewhat.
The orc high priest hits you but does no damage.
The orc knight hits you with a +0 war axe!
You die...

...# ### #...##.# #####
#....... ...^÷# #.....## ###
......###..#..#####..## #
o...o...#.......##....##.
÷...4...##.......#...#...
..☼.4oooo##.<............
.÷..÷ooo@.#...#..........
...o.#o34##............. .÷.
##)..#....#.#...... .. #
##)..#...#...#..#.. ...
###.)..#[............
...#####.....##)[)..........
............##.)[[..........
...........##.).)...........
.....÷...###[)))............


You could see 3 orc knights, a soul eater (summoned), 2 orc high priests, a
hellwing (summoned), an ice devil (summoned), 2 orc sorcerers, a red devil
(summoned), 2 orc warriors and an orc priest.

Vanquished Creatures
  A stone giant (Volcano)
  Azrael (Orc:2)
  Snorg (Lair:4)
  3 hydras
  An ice dragon (Lair:5)
  2 boulder beetles (Lair:5)
  A catoblepas (Lair:5)
  5 two-headed ogres
  11 death yaks
  An orc high priest (Orc:2)
  Amaemon (D:11)
  A swamp dragon (Lair:5)
  Pikel (D:7)
  A lindwurm (Lair:5)
  2 ugly things
  2 orc sorcerers (Orc:2)
  14 elephants
  6 torpor snails
  3 gargoyles (Volcano)
  A black mamba (Lair:4)
  An orange demon (D:11)
  An efreet (Volcano)
  10 cane toads
  A kobold demonologist (D:11)
  2 rime drakes
  10 komodo dragons
  5 trolls
  7 hornets
  5 tyrant leeches
  3 polar bears
  4 dream sheep (Lair:4)
  16 blink frogs
  2 shadows
  3 water elementals (D:11)
  2 wraiths (D:11)
  3 fire bats (Orc:1)
  5 wyverns
  4 basilisks
  39 yaks
  2 fire elementals
  4 steam dragons
  Grum (D:9)
  A warg (Orc:1)
  A swamp worm (Lair:3)
  2 nagas (Lair:3)
  25 water moccasins
  A hell hound (Orc:2)
  4 acid dragons
  Duvessa (D:7)
  3 sky beasts (D:7)
  A swamp drake (Lair:5)
  13 orc warriors
  3 black bears
  An ice beast (D:5)
  3 ogres (Orc:2)
  15 wolves
  7 centaurs
  4 lemures (D:7)
  A kobold brigand (D:6)
  2 necrophages
  17 bullfrogs
  A scorpion (D:5)
  An earth elemental (Volcano)
  12 wights
  Dowan (D:7)
  7 killer bees
  A howler monkey (D:9)
  3 electric eels
  12 jellies
  3 gnoll boudas
  14 orc priests
  8 hounds
  Crazy Yiuf (D:5)
  3 iguanas
  23 orc wizards
  21 gnolls
  18 adders
  A shadow imp (D:7)
  2 white imps
  A worm (D:2)
  4 dart slugs
  76 orcs
  3 ball pythons
  12 endoplasms
  2 giant cockroaches (D:1)
  11 goblins
  2 hobgoblins (D:2)
  8 jackals
  2 quokkas
  7 bats
  3 frilled lizards
  11 kobolds
  3 rats
571 creatures vanquished.

Vanquished Creatures (collateral kills)
  A fire dragon (Lair:5)
  An orc knight (Orc:2)
  A basilisk (Lair:5)
  A fire elemental (Orc:2)
  A hell hound (Orc:2)
  An orc wizard (Orc:2)
6 creatures vanquished.

Vanquished Creatures (others)
  28 fungi
  35 plants
63 creatures vanquished.

Grand Total: 640 creatures vanquished

Notes
Turn   | Place    | Note
-------+----------+-------------------------------------------
     0 | D:1      | Kinoniko the Minotaur Berserker began the quest for the
                  | Orb.
     0 | D:1      | Reached XP level 1. HP: 19/19 MP: 0/0
    33 | D:1      | Reached skill level 4 in Axes
   249 | D:1      | Reached XP level 2. HP: 16/26 MP: 1/1
   658 | D:1      | Reached skill level 5 in Axes
   662 | D:1      | Reached XP level 3. HP: 17/31 MP: 0/2
  1069 | D:2      | Reached ** piety under Trog
  1200 | D:2      | Found a glowing silver altar of Zin.
  1533 | D:2      | Found a faded altar of an unknown god.
  2178 | D:3      | Reached skill level 6 in Axes
  2178 | D:3      | Reached XP level 4. HP: 39/39 MP: 3/3
  2861 | D:4      | Reached skill level 7 in Axes
  2861 | D:4      | Reached XP level 5. HP: 45/45 MP: 4/4
  2936 | D:4      | Found a snail-covered altar of Cheibriados.
  2945 | D:4      | Identified a scroll of acquirement
  2946 | D:4      | Acquired the +4 executioner's axe of Demand {vorpal, Str+4}
  3171 | D:4      | Found Sovvojar's Armour Boutique.
  3223 | D:4      | Reached skill level 8 in Axes
  3223 | D:4      | Reached XP level 6. HP: 51/51 MP: 5/5
  3311 | D:4      | Reached *** piety under Trog
  3637 | D:5      | Entered Level 5 of the Dungeon
  3657 | D:5      | Found a broken altar of Ashenzari.
  3669 | D:5      | Reached skill level 9 in Axes
  3882 | D:5      | Found a staircase to the Ecumenical Temple.
  3906 | D:5      | Reached XP level 7. HP: 57/57 MP: 6/6
  4219 | D:5      | Reached skill level 10 in Axes
  4298 | D:5      | Reached skill level 11 in Axes
  4477 | D:5      | Found a runed translucent door.
  4480 | D:5      | Noticed Crazy Yiuf
  4628 | D:5      | Found an ornate altar of the Wu Jian Council.
  4711 | D:5      | Killed Crazy Yiuf
  5021 | D:6      | Identified the ring of Reirph {Fly rElec rF+}
  5046 | D:6      | Noticed a yak
  5046 | D:6      | Noticed a yak
  5047 | D:6      | Noticed a yak
  5048 | D:6      | Reached XP level 8. HP: 46/64 MP: 7/7
  5050 | D:6      | Reached skill level 12 in Axes
  5061 | D:6      | Reached skill level 13 in Axes
  5231 | D:6      | Reached **** piety under Trog
  5391 | D:6      | Reached skill level 14 in Axes
  5997 | D:7      | Reached XP level 9. HP: 71/71 MP: 8/8
  6022 | D:7      | Noticed Duvessa
  6022 | D:7      | Noticed Dowan
  6027 | D:7      | Killed Duvessa
  6029 | D:7      | Killed Dowan
  6072 | D:7      | Found Benen's Distillery.
  6076 | D:7      | Bought a potion of curing for 45 gold pieces
  6076 | D:7      | Bought a potion of curing for 45 gold pieces
  6076 | D:7      | Bought a potion of heal wounds for 75 gold pieces
  6089 | D:7      | Found a shadowy altar of Dithmenos.
  6090 | D:7      | Noticed Pikel
  6103 | D:7      | Killed Pikel
  6104 | D:7      | Reached skill level 5 in Fighting
  6104 | D:7      | Reached skill level 15 in Axes
  6843 | D:7      | Identified the +0 leather armour of the Wasteland {Fly
                  | rPois Int+3}
  7325 | D:8      | Found a white marble altar of Elyvilon.
  7551 | D:8      | Reached skill level 16 in Axes
  7643 | D:8      | Reached XP level 10. HP: 76/84 MP: 9/9
  7752 | D:8      | Found a glowing silver altar of Zin.
  8872 | D:9      | Noticed a two-headed ogre
  8883 | D:9      | Killed a two-headed ogre
  8884 | D:9      | Reached skill level 17 in Axes
  9227 | D:9      | Paralysed by a hornet for 3 turns
  9683 | D:9      | Noticed Grum
  9694 | D:9      | Killed Grum
 10024 | D:10     | Entered Level 10 of the Dungeon
 10064 | D:10     | Noticed a two-headed ogre
 10067 | D:10     | Killed a two-headed ogre
 10068 | D:10     | Reached skill level 18 in Axes
 10212 | D:10     | Found a staircase to the Orcish Mines.
 10323 | D:10     | Reached XP level 11. HP: 88/97 MP: 8/10
 10581 | D:10     | Noticed a purple ugly thing
 10586 | D:10     | Killed a purple ugly thing
 10901 | D:11     | Noticed a green ugly thing
 10901 | D:11     | Noticed a two-headed ogre
 10908 | D:11     | Killed a green ugly thing
 10909 | D:11     | Reached skill level 10 in Fighting
 10910 | D:11     | Killed a two-headed ogre
 10976 | D:11     | Identified the +5 pair of boots "Raevvaim" {rPois rC+ Int+2
                  | Dex+2}
 11054 | D:11     | Noticed a two-headed ogre
 11061 | D:11     | Killed a two-headed ogre
 11078 | D:11     | Reached ***** piety under Trog
 11095 | D:11     | Reached skill level 19 in Axes
 11292 | D:11     | Found a staircase to the Lair.
 11626 | D:11     | Noticed Amaemon
 11635 | D:11     | Noticed a soul eater
 11644 | D:11     | Killed Amaemon
 11863 | Lair:1   | Entered Level 1 of the Lair of Beasts
 11872 | Lair:1   | Reached skill level 5 in Armour
 11995 | Lair:1   | Reached XP level 12. HP: 110/110 MP: 9/11
 12261 | Lair:1   | Reached skill level 5 in Dodging
 12427 | Lair:1   | Noticed a six-headed hydra
 12433 | Lair:1   | Killed a ten-headed hydra
 12489 | Lair:1   | Received a gift from Trog
 13022 | Lair:2   | Reached skill level 20 in Axes
 14067 | Lair:3   | Found a staircase to the Swamp.
 14122 | Lair:3   | Noticed a six-headed hydra
 14130 | Lair:3   | Killed a nine-headed hydra
 14222 | Lair:3   | Found a staircase to the Snake Pit.
 14281 | Lair:3   | Reached XP level 13. HP: 109/118 MP: 10/12
 14501 | Lair:3   | Received a gift from Trog
 14502 | Lair:3   | Reached skill level 21 in Axes
 15006 | Lair:4   | Found a hide-covered altar of Uskayaw.
 15028 | Lair:4   | Noticed Snorg
 15037 | Lair:4   | Killed Snorg
 15602 | Lair:5   | Entered Level 5 of the Lair of Beasts
 15649 | Lair:5   | Found a runed translucent door.
 16204 | Lair:5   | Reached skill level 22 in Axes
 16386 | Lair:5   | Reached XP level 14. HP: 129/129 MP: 13/13
 16391 | Lair:5   | Reached skill level 10 in Armour
 16794 | Lair:5   | Found a staircase to the Slime Pits.
 16794 | Lair:5   | Found a viscous altar of Jiyva.
 17595 | Orc:1    | Entered Level 1 of the Orcish Mines
 17596 | Orc:1    | Acquired 820 gold pieces
 17749 | Orc:1    | Found a dark tunnel.
 17767 | Volcano  | Entered a volcano
 18008 | Volcano  | Noticed a stone giant
 18017 | Volcano  | Killed a stone giant
 18018 | Volcano  | Reached skill level 10 in Dodging
 18120 | Orc:2    | Entered Level 2 of the Orcish Mines
 18152 | Orc:2    | Reached ****** piety under Trog
 18185 | Orc:2    | Noticed Azrael
 18466 | Orc:2    | Killed Azrael
 18467 | Orc:2    | Reached skill level 23 in Axes
 18573 | Orc:2    | Received a gift from Trog
 18588 | Orc:2    | HP: 4/133 [orc knight/+0 vorpal great sword (15)]
 18588 | Orc:2    | Mangled by an orc knight

Illustrated notes

Levels and vault maps discovered:
D:1:      shiori_arrival_elements, layout_basic
D:2:      layout_basic, hellmonk_ecumenical_altar_pennies_from_heaven,
          basic_altar, nicolae_underground_beach
D:3:      layout_loops_ring, st_stairs_10
D:4:      layout_rooms, cheibriados_altar_1, nicolae_overflow_hidden_temple,
          serial_shops, nicolae_stop_n_shop_1, grunt_ministairs_10
D:5:      layout_loops_ring, mainiacjoe_overflow_big_doors,
          minmay_temple_entry_statues, uniq_crazy_yiuf_cottage
D:6:      layout_loops_ring
D:7:      layout_loops_corners, nicolae_dithmenos_shadow_blocks, serial_shops,
          nicolae_shop_trees, hangedman_abyss_or_decor_stagger, uniq_pikel,
          uniq_duvessa
D:8:      layout_loops_corners, elyvilon_altar_1, zin_academy
D:9:      layout_irregular_city, minmay_door_square, kennysheep_generic_room_7,
          uniq_grum
D:10:     layout_loops_ring, orc_0_dummy
D:11:     layout_cave_pools, erik_lair_island, kennysheep_potato, uniq_amaemon
Lair:1:   layout_gridlike, minivault_19, lemuel_fruit_tree, grunt_megastairs_5
Lair:2:   lemuel_reptile_caves, layout_long_grid
Lair:3:   layout_roguey, minmay_swamp_entry_worms, guppyfry_snake_entry_garden,
          grunt_megastairs_2
Lair:4:   layout_misc_corridors, basic_altar, nicolae_quartered_pool_medium,
          grunt_megastairs_1, serial_bayou_shore_b, uniq_snorg
Lair:5:   wormcave, layout_gridlike, guppyfry_lair_end_dragon,
          minmay_slime_entry_jelly_boxes, serial_bayou_shore_b
Orc:1:    layout_diamond_mine, nicolae_volcano_entry_batcave
Orc:2:    grunt_orc_tribal_feast, layout_caves, uniq_azrael

Skill      XL: |  1  2  3  4  5  6  7  8  9 10 11 12 13 14 |
---------------+-------------------------------------------+-----
Axes           | 4 5 6 7 8 9 11 14 16 18 19 20 22 23 | 23.0
Fighting       | 6 9 11 12 13 14 | 14.4
Armour         | 5 7 9 11 | 11.2
Dodging        | 4 7 9 10 | 10.2

Action                   |  1- 3 |  4- 6 |  7- 9 | 10-12 | 13-15 || total
-------------------------+-------+-------+-------+-------+-------++-------
Melee: Hand axe          |    82 |    33 |       |       |       ||   115
       Headbutt          |    10 |    11 |    23 |    53 |    72 ||   169
       Executioner's axe |       |    51 |   163 |   401 |   326 ||   941
       Battleaxe         |       |       |    24 |       |       ||    24
Invok: Berserk           |     1 |     4 |     9 |     9 |    10 ||    33
       Trog's Hand       |       |       |     1 |       |     1 ||     2
       Brothers in Arms  |       |       |       |       |     2 ||     2
  Use: Scroll            |       |     8 |     6 |     3 |     7 ||    24
       Potion            |       |       |       |       |     1 ||     1
Armor: Animal skin       |    11 |       |       |       |       ||    11
       Chain mail        |    11 |    44 |   105 |   194 |   191 ||   545
Dodge: Dodged            |    47 |    31 |    79 |   267 |   224 ||   648

Table legend: (Time is in decaauts)
 A = Elapsed time spent in this place.
 B = Non-inter-level travel time spent in this place.
 C = Inter-level travel time spent in this place.
 D = Time resting spent in this place.
 E = Time spent auto-exploring this place.
 F = Levels seen in this place.
 G = Mean time per level.
                   A        B        C        D        E       F      G
               +--------+--------+--------+--------+--------+-----+--------+
         Total |  18908 |  18181 |    727 |   1433 |  14284 |  19 |  995.2 |
       Dungeon |  12182 |  11719 |    463 |    674 |   9647 |  11 | 1107.5 |
          Lair |   5745 |   5510 |    235 |    588 |   4095 |   5 | 1149.0 |
  Orcish Mines |    654 |    626 |     28 |    171 |    295 |   2 |  327.0 |
       Volcano |    326 |    326 |      0 |      0 |    247 |   1 |  326.0 |
               +--------+--------+--------+--------+--------+-----+--------+

Top non-repeatable levels by time:
     D:9: 1972 daAuts
  Lair:5: 1868 daAuts
     D:5: 1256 daAuts
     D:7: 1213 daAuts
     D:6: 1154 daAuts
  Lair:1: 1121 daAuts
     D:1: 1053 daAuts
    D:11: 1021 daAuts
     D:2: 966 daAuts
     D:8: 947 daAuts
  Lair:2: 936 daAuts
  Lair:4: 926 daAuts
    D:10: 920 daAuts
  Lair:3: 892 daAuts
     D:3: 851 daAuts
